Map: Dusk Towers

Players

SortOf

  • Race: Zerg Zerg
  • League: Grandmaster

PartinG - Winner!

  • Race: Protoss Protoss

Event: DreamHack ROCCAT LotV Championship

VOD

Have the link to the VOD?

Description

Time

  • Played on: Nov. 26, 2015, 8:53 a.m.
  • Length: 10:29

All games in this series

Show
View Real Time Build Order
Export as new Build Order

SortOf Zerg 

Build Orders: 3 Hatch before Pool 

Get SALT Encoding   

  12  0:00  Drone  
  13  0:12  Overlord  
  13  0:17  Drone  
  14  0:31  Drone x2  
  14  0:34  Drone  
  17  0:45  Drone  
  18  0:56  Hatchery  
  17  0:59  Drone  
  18  1:15  Drone  
  19  1:24  Hatchery  
  18  1:30  Drone x2  
  20  1:37  Extractor  
  19  1:46  Spawning Pool  
  18  1:47  Drone  
  18  1:52  Drone  
  20  2:02  Overlord  
  20  2:10  Drone  
  20  2:13  Drone  
  22  2:19  Drone  
  23  2:23  Drone  
  24  2:30  Drone  
  24  2:32  Queen  
  27  2:37  Queen  
  27  2:40  Metabolic Boost  
  27  2:42  Drone  
  27  2:43  Drone  
  31  2:47  Zergling x2  
  31  2:48  Zergling x2  
  33  2:51  Zergling x2  
  33  2:53  Zergling x2  
  35  3:00  Drone x2  
  35  3:03  Queen  
  39  3:07  Overlord  
  39  3:11  Drone  
  39  3:12  Drone  
  41  3:21  Zergling x2  
  41  3:23  Overlord  
  41  3:25  Queen  
  44  3:36  Drone, Roach Warren  
  44  3:37  Drone  
  44  3:40  Zergling x2  
  46  3:42  Drone x4  
  49  3:52  Drone x5  
  49  3:53  Drone  
  49  3:55  Drone, Zergling x2  
  55  4:00  Drone x2  
  55  4:08  Evolution Chamber, Extractor  
  53  4:10  Overlord  
  53  4:11  Overlord  
  53  4:15  Zergling x2  
  54  4:17  Roach  
  54  4:20  Overlord x2  
  56  4:26  Overlord  
  56  4:27  Drone  
  57  4:34  Roach x3  
  57  4:36  Drone x4  
  66  4:39  Drone x2  
  66  4:47  Extractor  
  66  4:49  Zerg Melee Weapons Level 1  
  66  4:50  Overlord  
  65  4:53  Drone x3  
  65  4:58  Zergling x4  
  68  5:03  Drone x3  
  70  5:09  Drone  
  70  5:14  Lair  
  71  5:18  Zergling x18  
  80  5:22  Extractor  
  80  5:24  Evolution Chamber  
  80  5:27  Drone x3  
  81  5:29  Spore Crawler  
  80  5:41  Overlord  
  82  5:42  Ravager x2  
  82  5:43  Ravager  
  82  5:44  Drone  
  82  5:45  Drone x5  
  88  5:50  Drone x2  
  88  6:03  Drone x2  
  86  6:04  Drone x3  
  86  6:05  Drone x2  
  86  6:06  Drone x2  
  93  6:15  Overseer, Infestation Pit  
  93  6:18  Drone x3  
  95  6:19  Hatchery, Drone, Zerg Ground Armor Level 1  
  95  6:20  Drone x3  
  95  6:22  Extractor  
  95  6:25  Zergling x2  
  98  6:26  Overlord  
  98  6:34  Overlord  
  96  6:43  Ravager  
  96  6:44  Zergling x10  
  96  6:45  Overlord, Zergling x2  
  96  6:46  Zerg Melee Weapons Level 2  
  103  6:48  Hatchery  
  103  6:50  Extractor  
  101  6:57  Spore Crawler  
  101  6:58  Zergling x2  
  101  6:59  Zergling x14  
  107  7:03  Glial Reconstitution  
  107  7:05  Hive  
  107  7:12  Drone x3  
  110  7:16  Drone  
  110  7:17  Drone x2  
  110  7:19  Drone  
  110  7:20  Drone  
  110  7:22  Zergling x2  
  116  7:23  Zergling x10  
  116  7:28  Overlord  
  121  7:35  Hydralisk Den  
  120  7:39  Drone  
  119  7:44  Drone  
  119  7:46  Spore Crawler  
  119  7:48  Overlord  
  119  7:51  Overlord  
  114  8:02  Zergling x20  
  114  8:03  Zergling x12  
  128  8:08  Zergling x2  
  118  8:15  Roach x5  
  125  8:20  Roach x5  
  125  8:21  Roach  
  125  8:23  Adrenal Glands  
  125  8:24  Ultralisk Cavern  
  125  8:25  Lurker Den  
  125  8:26  Hydralisk x2  
  137  8:34  Hydralisk x2  
  137  8:35  Roach, Zergling x6  
  137  8:37  Overlord  
  137  8:41  Roach, Zergling x4  
  149  8:45  Ravager  
  149  8:46  Overlord  
  149  8:47  Zergling x8, Extractor  
  152  9:01  Zergling x20  
  142  9:03  Ravager x3  
  142  9:04  Ravager  
  142  9:06  Zergling x10  
  148  9:11  Zergling x8  
  148  9:15  Zergling x6  
  148  9:16  Zergling x6  
  155  9:23  Zergling x6  
  135  9:26  Zergling x4  
  135  9:31  Ravager x5  
  138  9:33  Zergling x2  
  138  9:37  Zergling x6  
  137  9:49  Zergling x8  
  121  9:52  Zergling x2  
  121  9:56  Zergling x2  
  121  9:57  Zergling x16  
  121  10:03  Zergling x4  
  121  10:04  Zergling x2  
  116  10:11  Overlord  
  116  10:12  Zergling x8  
Show
View Real Time Build Order
Export as new Build Order

PartinG Protoss - Winner!

Build Orders: Nexus First 

Get SALT Encoding   

  12  0:00  Probe (Chrono Boost)  
  13  0:11  Probe (Chrono Boost)  
  14  0:17  Pylon  
  14  0:22  Probe (Chrono Boost)  
  16  0:35  Probe (Chrono Boost)  
  16  0:46  Probe (Chrono Boost)  
  17  0:59  Nexus  
  17  1:14  Gateway  
  17  1:15  Probe (Chrono Boost)  
  17  1:18  Assimilator  
  18  1:24  Assimilator  
  18  1:26  Probe (Chrono Boost)  
  19  1:37  Probe (Chrono Boost)  
  20  1:42  Gateway  
  20  1:48  Probe (Chrono Boost)  
  21  1:58  Probe (Chrono Boost)  
  21  2:01  Cybernetics Core  
  22  2:09  Probe (Chrono Boost)  
  22  2:11  Probe (Chrono Boost)  
  24  2:19  Probe (Chrono Boost)  
  24  2:22  Probe (Chrono Boost)  
  26  2:30  Probe (Chrono Boost)  
  26  2:32  Probe (Chrono Boost)  
  28  2:37  Adept x2 (Chrono Boost)  
  28  2:38  Warp Gate  
  28  2:42  Mothership Core  
  34  2:47  Pylon  
  34  2:51  Probe  
  35  3:01  Adept (Chrono Boost)  
  35  3:04  Probe  
  35  3:05  Probe, Adept (Chrono Boost)  
  41  3:17  Robotics Facility  
  41  3:18  Pylon  
  41  3:22  Probe  
  41  3:23  Probe  
  43  3:32  Pylon  
  43  3:35  Pylon  
  43  3:37  Probe x2  
  45  3:52  Probe  
  45  3:53  Probe  
  45  4:05  Probe x2 (Chrono Boost), Zealot x2 (Chrono Boost)  
  45  4:06  Robotics Bay  
  49  4:16  Probe x2 (Chrono Boost)  
  51  4:18  Warp Prism (Chrono Boost), Assimilator  
  51  4:19  Assimilator  
  53  4:28  Probe (Chrono Boost)  
  53  4:29  Pylon  
  53  4:30  Probe (Chrono Boost)  
  55  4:42  Probe  
  55  4:43  Probe  
  53  4:47  Stalker x2  
  57  4:54  Disruptor (Chrono Boost), Gravitic Drive (Chrono Boost)  
  57  4:58  Probe  
  60  5:00  Probe  
  62  5:09  Probe  
  62  5:12  Nexus  
  62  5:14  Pylon  
  63  5:15  Pylon  
  63  5:17  Pylon  
  63  5:23  Twilight Council  
  63  5:27  Disruptor (Chrono Boost)  
  63  5:32  Probe  
  63  5:33  Forge  
  63  5:35  Probe  
  68  5:41  Adept x2  
  72  5:44  Probe (Chrono Boost)  
  72  5:48  Probe (Chrono Boost), Pylon  
  74  5:54  Blink  
  74  5:56  Probe (Chrono Boost), Protoss Ground Weapons Level 1 (Chrono Boost)  
  75  6:00  Probe (Chrono Boost)  
  76  6:04  Disruptor (Chrono Boost)  
  76  6:06  Probe (Chrono Boost)  
  80  6:11  Probe  
  80  6:12  Sentry x2  
  80  6:13  Photon Cannon  
  80  6:18  Probe  
  86  6:23  Gateway, Probe  
  86  6:24  Probe  
  86  6:25  Gateway  
  88  6:31  Probe  
  89  6:35  Probe  
  89  6:39  Disruptor (Chrono Boost)  
  93  6:42  Sentry x2  
  93  6:44  Probe x2, Assimilator  
  93  6:46  Assimilator  
  99  6:47  Probe  
  99  6:48  Gateway  
  99  6:49  Gateway  
  100  6:57  Gateway  
  100  6:58  Gateway  
  100  7:01  Pylon  
  100  7:05  Probe x3  
  103  7:09  Pylon  
  103  7:11  Observer (Chrono Boost)  
  104  7:19  Sentry  
  104  7:20  Stalker x3  
  104  7:22  Probe  
  113  7:23  Probe x2  
  115  7:30  Nexus  
  115  7:33  Pylon x2  
  115  7:43  Pylon  
  115  7:44  Stalker x4  
  115  7:47  Protoss Ground Weapons Level 2  
  115  7:49  Dark Shrine  
  119  8:10  Stalker x7  
  131  8:18  Stalker  
  131  8:19  Immortal (Chrono Boost)  
  137  8:23  Robotics Facility  
  137  8:38  Stalker x6  
  149  8:52  Stalker x2  
  142  9:10  Stalker x6  
  154  9:17  Stalker x2  
  158  9:29  Disruptor x2 (Chrono Boost)  
  164  9:37  Stalker x2  
  164  9:42  Pylon  
  164  9:43  Pylon  
  164  9:44  Assimilator  
  164  9:45  Assimilator  
  164  9:46  Pylon  
  164  9:47  Pylon  
  143  9:55  Photon Cannon  
  143  9:56  Photon Cannon  
  143  9:58  Stalker x6, Photon Cannon  
  153  10:05  Dark Templar x2  
  157  10:09  Pylon  
  117  10:23  Dark Templar x2  
  117  10:24  Stalker x2, Zealot x2  

Tags
 
Add a new tag
Caveats
  • Supply blocks, unpowered buildings, or Contaminate may cause inaccurate times.
  • Supply counts are checked every 10 seconds.